 Dungeon Crawl Stone Soup version 0.29-a0-553-g81b289dbe5 (webtiles) character file.

Game seed: 2223440648826138524

115 brmiller01 the Ruffian (level 4, -1/44 HPs)
             Began as a Troll Fighter on June 6, 2022.
             Was a Follower of Sif Muna.
             Slain by an orc
             ... wielding a +0 club
              (3 damage)
             ... on level 3 of the Dungeon.
             The game lasted 00:04:00 (1770 turns).

brmiller01 the Ruffian (Troll Fighter)              Turns: 1770, Time: 00:04:01

Health: -1/44      AC:  4    Str: 26    XL:     4   Next: 68%
Magic:  3/3        EV:  8    Int:  4    God:    Sif Muna [*.....]
Gold:   80         SH:  7    Dex:  9    Spells: 3/3 levels left

rFire   . . .      SeeInvis .     - Unarmed
rCold   . . .      Faith    .   b - +0 kite shield
rNeg    . . .      Spirit   .   a - +0 robe
rPois   .          Reflect  .   (helmet restricted)
rElec   .          Harm     .   (no cloak)
rCorr   .          Rampage  .   (gloves unavailable)
Will    .....                   (boots unavailable)
Stlth   +.........              (no amulet)
HPRegen 0.94/turn               (no ring)
MPRegen 0.08/turn               (no ring)

@: no status effects
A: large, unfitting armour, claws 3, regeneration 1, shaggy fur 1, tough skin 1
a: Renounce Religion, Channel Magic


You were on level 3 of the Dungeon.
You worshipped Sif Muna.
Sif Muna was aware of your devotion.
You visited 1 branch of the dungeon, and saw 3 of its levels.

You collected 80 gold pieces.

Inventory:

Missiles
 i - 37 stones (quivered)
 j - 3 curare-tipped darts
Armour
 a - a +0 robe (worn)
 b - a +0 kite shield (worn)
Scrolls
 e - a scroll of identify {unknown}
 g - 2 scrolls of enchant weapon {unknown}
 k - a scroll of teleportation {unknown}
 m - a scroll of fear {unknown}
 n - a scroll of fog {unknown}
Potions
 c - a potion of might
 d - a potion of flight {unknown}
 f - 2 potions of curing {unknown}
 h - a potion of invisibility {unknown}
 l - a potion of mutation {unknown}


   Skills:
 - Level 2.4 Fighting
 - Level 2.4 Dodging
 - Level 2.6 Shields
 + Level 5.0 Unarmed Combat


You had 3 spell levels left.
You didn't know any spells.
Your spell library contained the following spells:

 Spells                   Type           Power      Damage    Failure   Level
 Ensorcelled Hibernation  Hex/Ice        0%         N/A       91%         2
 Passwall                 Tmut/Erth      0%         N/A       91%         2
 Conjure Flame            Conj/Fire      0%         6-21      99%         3
 Ignite Poison            Fire/Tmut/Pois 0%         N/A       99%         3
 Swiftness                Air            0%         N/A       99%         3
 Sticky Flame             Conj/Fire      0%         2d3       100%        4


Dungeon Overview and Level Annotations

Branches:
Dungeon (3/15)

Altars:
Sif Muna
Zin

Shops:
D:1 :


Innate Abilities, Weirdness & Mutations

You are too large for most types of armour.
You have claws for hands.
Your natural rate of healing is unusually fast.
You are covered in fur. (AC +1)
You have tough skin. (AC +1)


Message History

You claw the orc wizard!
You kill the orc wizard!
Sif Muna accepts your kill. The orc misses you.
You have reached level 4!
You claw the orc priest!
You kill the orc priest!
Sif Muna accepts your kill. The orc hits you with a +0 short sword.
* * * LOW HITPOINT WARNING * * *
Your Unarmed Combat skill increases to level 5!
You scratch the orc.
The orc is moderately wounded.
You feel less invigorated. The orc barely misses you.
A jackal comes into view.
Okay, then.
You completely miss the orc.
The orc is moderately wounded.
The jackal barks!
The orc barely misses you. The orc hits you with a +0 hand axe.
* * * LOW HITPOINT WARNING * * *
The orc closely misses you. The orc hits you but does no damage.
The orc hits you with a +0 short sword.
* * * LOW HITPOINT WARNING * * *
The orc barely misses you.
You scratch the orc but do no damage.
The orc is moderately wounded.
The orc hits you but does no damage. You block the orc's attack.
The orc closely misses you.
You scratch the orc but do no damage.
The orc is moderately wounded.
You block the orc's attack. x2; The orc closely misses you.
You barely miss the orc.
The orc is moderately wounded.
The orc hits you with a +0 hand axe.
* * * LOW HITPOINT WARNING * * *
The orc hits you with a +0 short sword.
* * * LOW HITPOINT WARNING * * *
The orc hits you with a +0 club.
You die...

#. #. ## #.
######
#.#.. #....
#.#. #..##
#..###..<#
#.#.#@o..##
#.Koo#.##
#.#.....#
#....###
#.#.###
#.#..
#.#.#.
#.#.#..
h#.# #.


You could see 3 orcs and a kobold.

Vanquished Creatures
  An orc priest (D:3)
  An orc wizard (D:3)
  An adder (D:3)
  2 worms (D:2)
  2 dart slugs (D:2)
  A ball python (D:1)
  3 bats
  2 endoplasms (D:2)
  2 giant cockroaches
  2 goblins
  6 hobgoblins
  3 jackals (D:1)
  3 kobolds (D:2)
  2 quokkas
  8 frilled lizards
  4 rats
43 creatures vanquished.

Vanquished Creatures (others)
  A plant (D:2)
1 creature vanquished.

Grand Total: 44 creatures vanquished

Notes
Turn   | Place    | Note
-------+----------+-------------------------------------------
     0 | D:1      | brmiller01 the Troll Fighter began the quest for the Orb.
     0 | D:1      | Reached XP level 1. HP: 22/22 MP: 0/0
   230 | D:1      | Reached XP level 2. HP: 29/29 MP: 1/1
   284 | D:1      | Found Foept's Book Shoppe.
   341 | D:1      | Reached skill level 3 in Unarmed Combat
  1096 | D:2      | Found a glowing silver altar of Zin.
  1107 | D:2      | Reached XP level 3. HP: 33/36 MP: 2/2
  1372 | D:2      | Found a faded altar of an unknown god.
  1415 | D:2      | Reached skill level 4 in Unarmed Combat
  1424 | D:2      | Prayed at the altar of an unknown god.
  1424 | D:2      | Became a worshipper of Sif Muna the Loreminder
  1424 | D:2      | Reached * piety under Sif Muna
  1765 | D:3      | Reached XP level 4. HP: 11/44 MP: 3/3
  1766 | D:3      | Reached skill level 5 in Unarmed Combat
  1770 | D:3      | HP: 2/44 [orc/+0 short sword (2)]
  1770 | D:3      | Slain by an orc

Illustrated notes

Levels and vault maps discovered:
D:1:      shiori_shiawase, layout_basic, serial_shops, shop, grunt_decor_clamped
D:2:      layout_rooms, basic_altar, serial_forest,
          infiniplex_forest_clump_curved, infiniplex_forest_zigzag_2,
          infiniplex_forest_straight_3, infiniplex_forest_straight_2,
          infiniplex_forest_end_3, infiniplex_forest_zigzag_1,
          infiniplex_forest_clump_curved, infiniplex_forest_clump_tiny,
          shapermc_ecumenical_altar_venn
D:3:      layout_basic, lexackson_kobold_supper

Skill      XL: |  1  2  3  4 |
---------------+-------------+-----
Unarmed Combat | 3 4 5 |  5.0
Fighting       | |  2.4
Dodging        | |  2.4
Shields        | |  2.6

Action                   |  1- 3 |  4- 6 || total
-------------------------+-------+-------++-------
Melee: Unarmed           |   116 |     6 ||   122
Throw: Stone             |     9 |       ||     9
Invok: Channel Magic     |     1 |       ||     1
 Stab: Sleeping          |     2 |       ||     2
Armor: Robe              |    39 |     2 ||    41
Dodge: Dodged            |    43 |     6 ||    49
Block: Kite shield       |    44 |     3 ||    47

Table legend: (Time is in decaauts)
 A = Elapsed time spent in this place.
 B = Non-inter-level travel time spent in this place.
 C = Inter-level travel time spent in this place.
 D = Time resting spent in this place.
 E = Time spent auto-exploring this place.
 F = Levels seen in this place.
 G = Mean time per level.
                   A        B        C        D        E       F      G
               +--------+--------+--------+--------+--------+-----+--------+
         Total |   1779 |   1730 |     49 |      0 |   1433 |   3 |  593.0 |
       Dungeon |   1779 |   1730 |     49 |      0 |   1433 |   3 |  593.0 |
               +--------+--------+--------+--------+--------+-----+--------+

Top non-repeatable levels by time:
     D:1: 1100 daAuts
     D:2: 651 daAuts
     D:3: 27 daAuts
